[ AOE2 MATCH · #505919169 ]
UnrankedCumans vs Romans
Player's team · WIN
Rival team · LOSS
[ REPLAY ANALYSIS · EXTRACTED FROM THE RECORDED GAME ]
Feudal
8:25
Castle
22:59
Imperial
28:05
| APM avg | 66.7 |
| APM peak | 122 |
| eAPM avg | 31.3 |
| Villagers / military | 100 / 69 |
Focus
⚔️ 36.5% · 🌾 63.5%
Kipchak ×30 · Knight ×28 · Trebuchet (Packed) ×7 · Monk ×4
Feudal
9:16
Castle
20:34
Imperial
—
| APM avg | 81.4 |
| APM peak | 155 |
| eAPM avg | 45.5 |
| Villagers / military | 222 / 86 |
Focus
⚔️ 55.1% · 🌾 44.9%
Skirmisher ×44 · Spearman ×17 · Cavalry Archer ×11 · Militia ×7 · Mangonel ×5 · Scorpion ×2
Match map
Initial resources + every placement click. Lines = walls · curves = elevation contours. ◆ gold · ⬟ stone · ● berries · ✦ relic · ◌ wall gap
Your base· Open — 3t gap
Skirmisher Timing's base· Open — unwalled flank
Smoothed initial terrain · ◌ = detected wall gap · hover for details
Inputs per minute
— ThunderboltX - - Skirmisher Timing
Build order — ThunderboltX
First 150 of 327 actions detected
| 0:00 | Queue | Villager (Male) |
| 0:01 | Build | House |
| 0:03 | Build | House |
| 0:12 | Queue | Villager (Male) |
| 0:12 | Queue | Villager (Male) |
| 0:13 | Queue | Villager (Male) |
| 1:24 | Queue | Villager (Male) |
| 1:24 | Queue | Villager (Male) |
| 1:58 | Queue | Villager (Male) |
| 2:09 | Build | Mill |
| 2:16 | Queue | Villager (Male) |
| 2:42 | Queue | Villager (Male) |
| 2:55 | Queue | Villager (Male) |
| 3:23 | Queue | Villager (Male) |
| 3:50 | Build | House |
| 4:02 | Queue | Villager (Male) |
| 4:05 | Queue | Villager (Male) |
| 4:05 | Queue | Villager (Male) |
| 4:12 | Queue | Villager (Male) |
| 4:13 | Research | Loom |
| 5:06 | Build | Lumber Camp |
| 6:14 | Research | Feudal Age |
| 6:57 | Queue | Villager (Male) |
| 7:09 | Build | House |
| 7:28 | Queue | Villager (Male) |
| 7:47 | Build | Palisade Wall |
| 7:48 | Build | Palisade Wall |
| 8:25 | Age | Feudal Age |
| 8:29 | Build | Town Center |
| 8:30 | Research | Double-Bit Axe |
| 8:38 | Queue | Villager (Male) |
| 8:54 | Build | Palisade Wall |
| 9:22 | Queue | Villager (Male) |
| 9:35 | Queue | Villager (Male) |
| 9:53 | Queue | Villager (Male) |
| 9:58 | Build | Mill |
| 10:20 | Build | House |
| 10:29 | Queue | Villager (Male) |
| 10:37 | Build | Palisade Wall |
| 10:40 | Build | Palisade Wall |
| 10:43 | Queue | Villager (Male) |
| 10:46 | Build | Farm |
| 10:50 | Build | Farm |
| 10:51 | Build | Farm |
| 10:55 | Build | Farm |
| 11:01 | Queue | Villager (Male) |
| 11:09 | Queue | Villager (Male) |
| 11:18 | Build | House |
| 11:26 | Build | Farm |
| 11:30 | Queue | Villager (Male) |
| 11:32 | Queue | Villager (Male) |
| 11:50 | Build | Farm |
| 11:52 | Build | Farm |
| 11:55 | Queue | Villager (Male) |
| 12:04 | Build | Farm |
| 12:11 | Queue | Villager (Male) |
| 12:19 | Build | Mining Camp |
| 12:20 | Queue | Villager (Male) |
| 12:32 | Build | Farm |
| 12:35 | Queue | Villager (Male) |
| 12:48 | Build | Palisade Wall |
| 12:56 | Queue | Villager (Male) |
| 13:06 | Build | Farm |
| 13:10 | Build | Palisade Wall |
| 13:15 | Queue | Villager (Male) |
| 13:18 | Build | Farm |
| 13:20 | Build | Farm |
| 13:25 | Build | Watch Tower |
| 13:41 | Queue | Villager (Male) |
| 13:41 | Queue | Villager (Male) |
| 13:50 | Build | Palisade Wall |
| 13:54 | Build | Farm |
| 14:05 | Queue | Villager (Male) |
| 14:16 | Build | House |
| 14:18 | Queue | Villager (Male) |
| 14:27 | Build | House |
| 14:28 | Build | House |
| 14:30 | Queue | Villager (Male) |
| 14:50 | Queue | Villager (Male) |
| 14:50 | Queue | Villager (Male) |
| 14:51 | Queue | Villager (Male) |
| 14:53 | Build | Farm |
| 14:54 | Build | Farm |
| 15:01 | Build | Palisade Wall |
| 15:11 | Queue | Villager (Male) |
| 15:11 | Queue | Villager (Male) |
| 15:19 | Build | Farm |
| 15:27 | Queue | Villager (Male) |
| 15:27 | Queue | Villager (Male) |
| 15:42 | Build | Barracks |
| 15:54 | Build | House |
| 15:55 | Queue | Villager (Male) |
| 16:05 | Queue | Villager (Male) |
| 16:14 | Build | House |
| 16:22 | Build | Watch Tower |
| 16:27 | Queue | Villager (Male) |
| 16:28 | Queue | Villager (Male) |
| 16:43 | Build | Watch Tower |
| 16:49 | Queue | Villager (Male) |
| 16:53 | Build | House |
| 17:18 | Build | Lumber Camp |
| 17:22 | Queue | Villager (Male) |
| 17:22 | Queue | Villager (Male) |
| 17:30 | Build | Farm |
| 17:44 | Queue | Villager (Male) |
| 17:44 | Queue | Villager (Male) |
| 18:06 | Queue | Villager (Male) |
| 18:06 | Queue | Villager (Male) |
| 18:08 | Build | House |
| 18:41 | Queue | Villager (Male) |
| 18:41 | Queue | Villager (Male) |
| 18:49 | Build | Stable |
| 19:11 | Build | House |
| 19:14 | Build | House |
| 19:15 | Build | House |
| 19:20 | Queue | Villager (Male) |
| 19:45 | Build | Archery Range |
| 19:52 | Research | Town Watch |
| 20:19 | Research | Castle Age |
| 20:38 | Build | House |
| 20:44 | Build | Palisade Gate |
| 20:50 | Build | Palisade Wall |
| 20:50 | Build | Palisade Wall |
| 20:52 | Build | Palisade Wall |
| 20:52 | Build | Palisade Wall |
| 20:57 | Build | House |
| 21:35 | Build | Blacksmith |
| 21:39 | Build | Blacksmith |
| 21:51 | Research | Wheelbarrow |
| 21:57 | Research | Bloodlines |
| 22:03 | Build | Market |
| 22:20 | Build | Farm |
| 22:21 | Build | Farm |
| 22:23 | Build | Farm |
| 22:24 | Build | Farm |
| 22:25 | Build | Farm |
| 22:26 | Research | Horse Collar |
| 22:40 | Build | House |
| 22:41 | Build | House |
| 22:43 | Build | House |
| 22:45 | Build | House |
| 22:47 | Build | House |
| 22:50 | Build | Palisade Wall |
| 22:59 | Age | Castle Age |
| 23:13 | Build | Castle |
| 23:20 | Queue | Villager (Male) |
| 23:20 | Queue | Villager (Male) |
| 23:47 | Queue | Villager (Male) |
| 23:47 | Queue | Villager (Male) |
| 24:03 | Build | Outpost |
Build order — Skirmisher Timing
First 150 of 402 actions detected
| 0:01 | Queue | Villager (Male) ×4 |
| 0:02 | Build | House |
| 0:02 | Build | House |
| 1:23 | Queue | Villager (Male) |
| 1:49 | Queue | Villager (Male) |
| 1:52 | Build | Lumber Camp |
| 2:15 | Queue | Villager (Male) |
| 2:15 | Queue | Villager (Male) |
| 2:38 | Queue | Villager (Male) |
| 3:05 | Queue | Villager (Male) |
| 3:32 | Queue | Villager (Male) |
| 3:50 | Build | House |
| 3:53 | Queue | Villager (Male) |
| 3:53 | Queue | Villager (Male) |
| 4:14 | Queue | Villager (Male) |
| 4:16 | Queue | Villager (Male) |
| 4:31 | Queue | Villager (Male) |
| 4:40 | Queue | Villager (Male) |
| 5:07 | Queue | Villager (Male) |
| 5:08 | Research | Loom |
| 5:30 | Build | Mill |
| 6:51 | Research | Feudal Age |
| 7:08 | Build | Barracks |
| 7:28 | Build | House |
| 7:53 | Queue | Militia ×2 |
| 7:54 | Build | Mining Camp |
| 8:24 | Build | House |
| 8:29 | Queue | Militia |
| 8:47 | Queue | Villager (Male) |
| 9:11 | Build | Mining Camp |
| 9:16 | Age | Feudal Age |
| 9:23 | Research | Double-Bit Axe |
| 9:25 | Research | Man-at-Arms (upgrade) |
| 9:43 | Queue | Villager (Male) |
| 10:03 | Build | Farm |
| 10:05 | Build | Farm |
| 10:06 | Build | Farm |
| 10:09 | Build | Farm |
| 10:24 | Queue | Villager (Male) |
| 10:25 | Build | Farm |
| 10:41 | Build | Watch Tower |
| 10:55 | Queue | Villager (Male) |
| 11:06 | Build | House |
| 11:06 | Build | House |
| 11:26 | Build | Farm |
| 11:27 | Queue | Villager (Male) |
| 11:40 | Build | Stone Wall |
| 11:49 | Queue | Villager (Male) |
| 12:05 | Build | Watch Tower |
| 12:15 | Build | Farm |
| 12:18 | Build | Farm |
| 12:19 | Queue | Villager (Male) |
| 12:19 | Queue | Villager (Male) |
| 12:39 | Build | Watch Tower |
| 12:39 | Queue | Villager (Male) |
| 12:40 | Queue | Villager (Male) |
| 12:44 | Build | Farm |
| 13:10 | Queue | Villager (Male) |
| 13:10 | Queue | Villager (Male) |
| 13:11 | Queue | Villager (Male) |
| 13:21 | Build | Watch Tower |
| 13:22 | Queue | Villager (Male) |
| 13:22 | Queue | Villager (Male) |
| 13:24 | Build | Farm |
| 13:31 | Queue | Militia |
| 13:31 | Queue | Militia |
| 13:31 | Queue | Militia |
| 13:54 | Queue | Villager (Male) |
| 13:55 | Build | Farm |
| 13:57 | Queue | Militia |
| 14:26 | Queue | Villager (Male) |
| 14:28 | Build | Farm |
| 14:30 | Build | Farm |
| 14:30 | Queue | Villager (Male) |
| 14:40 | Build | Watch Tower |
| 14:51 | Build | Watch Tower |
| 14:56 | Build | Watch Tower |
| 14:58 | Queue | Villager (Male) |
| 15:00 | Build | Farm |
| 15:15 | Queue | Villager (Male) |
| 15:17 | Build | Farm |
| 15:32 | Queue | Villager (Male) |
| 16:02 | Build | Blacksmith |
| 16:03 | Queue | Villager (Male) |
| 16:13 | Build | House |
| 16:23 | Build | Stone Wall |
| 16:24 | Build | Stone Wall |
| 16:32 | Queue | Villager (Male) |
| 16:45 | Build | Market |
| 16:49 | Queue | Villager (Male) |
| 17:16 | Build | House |
| 17:54 | Research | Castle Age |
| 18:21 | Build | Outpost |
| 18:22 | Build | Outpost |
| 18:30 | Research | Gold Mining |
| 18:37 | Research | Horse Collar |
| 18:39 | Build | Farm |
| 18:47 | Queue | Villager (Male) |
| 18:56 | Build | Lumber Camp |
| 19:15 | Build | Outpost |
| 19:44 | Build | House |
| 20:03 | Build | House |
| 20:03 | Build | House |
| 20:04 | Build | House |
| 20:04 | Build | House |
| 20:34 | Age | Castle Age |
| 20:42 | Build | House |
| 21:00 | Build | Castle |
| 21:11 | Research | Bow Saw |
| 21:11 | Research | Bow Saw |
| 21:17 | Queue | Villager (Male) |
| 21:20 | Build | Farm |
| 21:23 | Queue | Villager (Male) |
| 21:25 | Build | House |
| 21:31 | Queue | Villager (Male) |
| 21:33 | Build | House |
| 21:39 | Build | Siege Workshop |
| 21:46 | Queue | Villager (Male) |
| 21:58 | Queue | Villager (Male) |
| 22:10 | Build | Mining Camp |
| 22:15 | Queue | Mangonel |
| 22:15 | Queue | Mangonel |
| 22:16 | Queue | Villager (Male) |
| 22:55 | Build | Town Center |
| 22:56 | Queue | Villager (Male) |
| 22:59 | Build | Farm |
| 23:21 | Queue | Villager (Male) |
| 23:23 | Build | Farm |
| 23:23 | Build | Farm |
| 23:31 | Queue | Mangonel |
| 23:31 | Queue | Mangonel |
| 23:42 | Build | Outpost |
| 23:50 | Queue | Villager (Male) |
| 24:12 | Queue | Mangonel |
| 24:13 | Queue | Villager (Male) |
| 24:21 | Build | House |
| 24:21 | Build | House |
| 24:22 | Build | Stone Wall |
| 24:28 | Build | House |
| 24:29 | Build | House |
| 24:31 | Queue | Villager (Male) ×5 |
| 24:53 | Build | Town Center |
| 24:54 | Queue | Villager (Male) |
| 24:57 | Build | Stone Wall |
| 25:19 | Build | House |
| 25:19 | Build | Stone Wall |
| 25:23 | Queue | Villager (Male) |
| 25:23 | Queue | Villager (Male) |
| 25:27 | Build | House |
| 25:28 | Build | House |
Match timeline
| 7:08 | Skirmisher Timing · first_building Barracks |
| 7:47 | ThunderboltX · wall_segment Palisade Wall x3 |
| 7:48 | ThunderboltX · wall_segment Palisade Wall x5 |
| 8:25 | ThunderboltX · age_up feudal |
| 8:54 | ThunderboltX · wall_segment Palisade Wall x6 |
| 9:16 | Skirmisher Timing · age_up feudal |
| 10:37 | ThunderboltX · wall_segment Palisade Wall x2 |
| 10:40 | ThunderboltX · wall_segment Palisade Wall x2 |
| 11:40 | Skirmisher Timing · wall_segment Stone Wall x3 |
| 12:48 | ThunderboltX · wall_segment Palisade Wall x2 |
| 13:10 | ThunderboltX · wall_segment Palisade Wall x1 |
| 13:50 | ThunderboltX · wall_segment Palisade Wall x1 |
| 15:01 | ThunderboltX · wall_segment Palisade Wall x1 |
| 15:42 | ThunderboltX · first_building Barracks |
| 16:23 | Skirmisher Timing · wall_segment Stone Wall x3 |
| 16:24 | Skirmisher Timing · wall_segment Stone Wall x1 |
| 18:49 | ThunderboltX · first_building Stable |
| 19:45 | ThunderboltX · first_building Archery Range |
| 20:16 | Skirmisher Timing · first_market_sell 100 food |
| 20:16 | Skirmisher Timing · first_market_buy 100 stone |
| 20:34 | Skirmisher Timing · age_up castle |
| 20:50 | ThunderboltX · wall_segment Palisade Wall x1 |
| 20:50 | ThunderboltX · wall_segment Palisade Wall x1 |
| 20:52 | ThunderboltX · wall_segment Palisade Wall x1 |
| 20:52 | ThunderboltX · wall_segment Palisade Wall x1 |
| 21:00 | Skirmisher Timing · first_building Castle |
| 21:39 | Skirmisher Timing · first_building Siege Workshop |
| 22:50 | ThunderboltX · wall_segment Palisade Wall x1 |
| 22:59 | ThunderboltX · age_up castle |
| 23:13 | ThunderboltX · first_building Castle |
| 23:22 | ThunderboltX · first_market_buy 100 food |
| 24:22 | Skirmisher Timing · wall_segment Stone Wall x2 |
| 24:57 | Skirmisher Timing · wall_segment Stone Wall x12 |
| 25:19 | Skirmisher Timing · wall_segment Stone Wall x1 |
| 25:32 | Skirmisher Timing · wall_segment Stone Wall x4 |
| 25:34 | Skirmisher Timing · wall_segment Stone Wall x2 |
| 25:43 | Skirmisher Timing · wall_segment Stone Wall x8 |
| 25:47 | Skirmisher Timing · wall_segment Stone Wall x20 |
| 27:25 | Skirmisher Timing · wall_segment Stone Wall x6 |
| 27:55 | Skirmisher Timing · wall_segment Stone Wall x5 |
| 28:05 | ThunderboltX · age_up imperial |
| 28:25 | Skirmisher Timing · first_building Archery Range |
| 28:29 | ThunderboltX · first_market_sell 100 wood |
| 28:44 | ThunderboltX · first_building Monastery |
| 36:16 | Skirmisher Timing · first_building Stable |
| 37:40 | Skirmisher Timing · wall_segment Stone Wall x1 |
| 41:16 | Skirmisher Timing · resign |
[ AI ANALYSIS · 1 CREDIT ]
What really happened in this match?
Wolo.gg analyzes every decision: build order, eco, micro, common mistakes by bracket. Personalized analysis on WhatsApp or Discord in 30 seconds.
Civ guide
Cumans
Perfil
Jugador #25183359